cohdb
Replays
Latest Replays
All Replays
Popular Replays
Top Player Replays
Match Explorer
How It Works
Community
CoH3 Stats
Reddit
Sign in to upload your games and track your stats! →
Sign in with Steam
Match 31962172
Unlisted
Match 31962172
Overview
Messages
Build Orders
End
Selects Armored Support Battlegroup
Panzergrenadier Squad
250 Light Carrier
Panzergrenadier Squad
Construct Light Support Kompanie
Combat Half-tracks
Selects Superior Fire Drills
250 Light Carrier
Fire Support Elements
2.5-tonne Medical Truck
Vehicle Survival Package
Tungsten Core Ammunition
Construct Panzerarmee Kommand
Selects Vehicle Awareness
Vehicle Awareness
Pak 38 Mechanized Group
Walking Stuka Rocket Launcher
Panzergrenadier Squad
Selects Panzer Storm
Walking Stuka Rocket Launcher
Pak 38 Mechanized Group
Pak 38 Anti-tank Gun Team
Armored Reserves
Panzerpioneer Squad
Selects Stuka Dive Bomb
Panzergrenadier Squad
Panzergrenadier Squad
Pak 38 Anti-tank Gun Team
Selects Stuka Anti-tank Loiter
Stuka Anti-tank Loiter
Emergency Repair Kits
Tiger Heavy Tank
Mixrundiy
Ermac[Pointrunner]
Доктор Гувер[POINTRUNNER]
Personal Iroha Cushion
BALD
Pap
0
0
Comments
sign in to comment!
No comments posted yet!